 Dungeon Crawl Stone Soup version 0.25-a0-589-g1e14c549ee (webtiles) character file.

Game seed: 17950289182411062259, levelgen mode: deterministic

32 kae the Skirmisher (level 3, -3/29 HPs)
             Began as a Demonspawn Abyssal Knight on Mar 11, 2020.
             Was a Believer of Lugonu.
             Slain by a worm (10 damage)
             ... on level 1 of the Dungeon.
             The game lasted 00:00:45 (961 turns).

kae the Skirmisher (Demonspawn Abyssal Knight)       Turns: 961, Time: 00:00:46

Health: -3/29      AC:  3    Str: 13    XL:     3   Next: 8%
Magic:  5/5        EV: 15    Int: 13    God:    Lugonu [**....]
Gold:   88         SH:  0    Dex: 12    Spells: 2/2 levels left

rFire    . . .     SeeInvis .   a - +1 mace
rCold    + . .     Gourm    .   (no shield)
rNeg     . . .     Faith    .   b - +0 leather armour
rPois    .         Spirit   .   (no helmet)
rElec    .         Reflect  .   (no cloak)
rCorr    .         Harm     .   (no gloves)
MR       .....                  (no boots)
Stlth    +.........             (no amulet)
HPRegen  0.09/turn              h - +4 ring of evasion
MPRegen  0.09/turn              (no ring)

@: no status effects
A: cold resistance 1
a: Depart the Abyss, Bend Space, Renounce Religion


You were on level 1 of the Dungeon.
You worshipped Lugonu.
Lugonu was pleased with you.
You were not hungry.

You visited 1 branch of the dungeon, and saw 2 of its levels.
You visited the Abyss 1 time.

You collected 88 gold pieces.

Inventory:

Hand Weapons
 a - a +1 mace (weapon)
Armour
 b - a +0 leather armour (worn)
Jewellery
 h - a +4 ring of evasion (left hand)
Scrolls
 e - a scroll of amnesia {unknown}
 f - 3 scrolls of noise {unknown}
 i - a scroll of fog {unknown}
 j - a scroll of teleportation {unknown}
Potions
 d - 2 potions of berserk rage {unknown}
 g - a potion of heal wounds {unknown}
Comestibles
 c - a ration


   Skills:
 + Level 3.2 Fighting
 * Level 2.4 Maces & Flails
 + Level 2.1 Armour
 - Level 0.8 Dodging
 + Level 3.0 Invocations


You had 2 spell levels left.
You didn't know any spells.
Your spell library was empty.

Dungeon Overview and Level Annotations

Branches:
Dungeon (2/15)

Altars:


Innate Abilities, Weirdness & Mutations

Your flesh is cold resistant. (rC+)


Message History

The worm is lightly wounded.
You hit the worm.
The worm is moderately wounded.
The worm barely misses you.
You sock the worm!
The worm is severely wounded.
The worm closely misses you.
You hit the worm but do no damage.
The worm is heavily wounded.
The worm bites you.
You hit the worm.
The worm is heavily wounded.
You barely miss the worm.
The worm is heavily wounded.
The worm bites you!
* * * LOW HITPOINT WARNING * * *
You hit the worm but do no damage.
The worm is heavily wounded.
The worm bites you!
You die...

#.##.##(##### #.# #.#
###......(#########.# #.#
####........#.......##.#####.#
....................##.......##
..#.........#.......#####.....#
...............)...(# #.###.#
..#.....(.[.#.......# #.# #.#
###.........#.......# #.###.#
...[...........w@...# #.....#
####........##############.####
####.##### #...†....# #.#
####### #.######## #.#
#.....###.# #.###.........#
########..>.....#####
......<####.....# ######.#
#.....#


You could see a worm.

Vanquished Creatures
  A dart slug (D:1)
  7 bats (D:1)
  2 giant cockroaches
  4 goblins (D:1)
  3 hobgoblins
  2 jackals (D:1)
  A ball python (D:1)
  A frilled lizard (D:1)
  4 kobolds (D:1)
  2 rats (D:1)
27 creatures vanquished.

Notes
Turn   | Place    | Note
-------+----------+-------------------------------------------
     0 | Abyss:1  | kae the Demonspawn Abyssal Knight began the quest for the
                  | Orb.
     0 | Abyss:1  | Reached XP level 1. HP: 18/18 MP: 2/2
    14 | D:1      | Escaped the Abyss
    30 | D:1      | Noticed a bullfrog
    53 | D:1      | Gained mutation: Your flesh is cold resistant. (rC+)
                  | [demonic ancestry]
    53 | D:1      | Reached XP level 2. HP: 21/24 MP: 4/4
   674 | D:1      | Reached ** piety under Lugonu
   883 | D:2      | Reached XP level 3. HP: 28/29 MP: 5/5
   961 | D:1      | Slain by a worm

Levels and vault maps discovered:
D:1:      evilmike_arrival_come_back, layout_loops_cross,
          minmay_indecisive_spiral
D:2:      cheibrodos_pilgrimage, layout_loops_ring, first_ration, uniq_sigmund

Skill      XL: |  1  2 |
---------------+-------+-----
Maces & Flails | 2 |  2.4
Armour         | 2 |  2.1
Invocations    | 3 |  3.0
Fighting       | |  3.2
Dodging        | |  0.8

Action                   || total
-------------------------++-------
Melee: Mace              ||    86
Armor: Leather armour    ||    31
Dodge: Dodged            ||    68

Table legend:
 A = Non-vault XP
 B = Vault XP
 C = Vault XP percentage of total XP
 D = Non-vault monster count
 E = Vault monster count
 F = Vault count percentage of total count
                 A         B        C        D         E       F
            +---------+---------+-------+---------+---------+-------
      Total |      38 |       8 |  17.4 |      23 |       4 |  14.8
            +---------+---------+-------+---------+---------+-------
        D:1 |      34 |       8 |  19.0 |      21 |       4 |  16.0
        D:2 |       4 |       0 |   0.0 |       2 |       0 |   0.0
            +---------+---------+-------+---------+---------+-------
